 Dungeon Crawl Stone Soup version 0.28-a0-1033-g1a2f33fa85 (webtiles) character file.

Game seed: 5135586987061487572

218 polve the Skirmisher (level 5, -3/36 (43) HPs)
             Began as a Demonspawn Gladiator on Dec 7, 2021.
             Slain by a wight (4 damage)
             ... on level 4 of the Dungeon.
             The game lasted 00:04:04 (4111 turns).

polve the Skirmisher (Demonspawn Gladiator)         Turns: 4111, Time: 00:04:04

HP:   -3/36 (43)    AC:  4    Str: 15 (16) XL:     5   Next: 63%
MP:   5/5           EV: 12    Int:  8 (10) God:
Gold: 133           SH:  5    Dex: 12 (14) Spells: 4/4 levels left

rFire   . . .      SeeInvis .   a - +0 rapier
rCold   . . .      Faith    .   (no shield)
rNeg    . . .      Spirit   .   b - +0 leather armour
rPois   .          Reflect  +   c - +0 helmet
rElec   .          Harm     .   (no cloak)
rCorr   .          Rampage  .   (no gloves)
Will    .....                   (no boots)
Stlth   +.........              n - amulet of reflection
HPRegen 0.12/turn               (no ring)
MPRegen 0.09/turn               (no ring)

@: flying, hasted, heavily drained, very quick
A: hooves 2, powered by death 1
a: no special abilities


You were on level 4 of the Dungeon.
You visited 1 branch of the dungeon, and saw 4 of its levels.

You collected 133 gold pieces.

Inventory:

Hand Weapons
 a - a +0 rapier (weapon)
Missiles
 d - 3 throwing nets (quivered)
Armour
 b - a +0 leather armour (worn)
 c - a +0 helmet (worn)
 j - a +0 pair of gloves
Jewellery
 n - an amulet of reflection (around neck)
Scrolls
 e - 3 scrolls of identify {unknown}
 g - a scroll of silence {unknown}
 i - 2 scrolls of magic mapping {unknown}
 k - a scroll of noise {unknown}
 l - a scroll of teleportation {unknown}
 m - a scroll of holy word {unknown}
Potions
 f - a potion of brilliance {unknown}
 h - a potion of degeneration
 q - a potion of haste
 r - a potion of invisibility {unknown}


   Skills:
 + Level 4.7 Fighting
 - Level 4.0 Short Blades
 - Level 1.7 Throwing
 * Level 1.2 Armour
 - Level 2.6 Dodging


You had 4 spell levels left.
You didn't know any spells.
Your spell library contained the following spells:

 Spells                   Type           Power      Damage    Failure   Level
 Blink                    Tloc           0%         N/A       63%         2
 Manifold Assault         Tloc           0%         N/A       100%        5
 Storm Form               Tmut/Air       0%         N/A       100%        7


Dungeon Overview and Level Annotations

Branches:
Dungeon (4/15)
 Temple: D:4-7

Altars:
Ashenzari

Shops:
D:1 (


Innate Abilities, Weirdness & Mutations

You have hoof-like feet.
You regenerate a little health from kills.


Message History

You open the door. 3 wights come into view.
Found three faded altars of an unknown god.
There are monsters nearby!
There are monsters nearby!
There are monsters nearby!
There is an open door here.
It was a potion of degeneration.
There was something very wrong with that liquid.
You feel weakened.
You feel dopey.
You feel clumsy.
It was a potion of flight.
You feel very buoyant.
You fly up into the air.
The wight closely misses you.
It was a potion of curing.
You feel better.
The wight hits you with a +0 short sword.
It was a potion of haste.
You feel yourself speed up.
The wight hits you with a +0 short sword!
You feel drained.
The wight hits you from afar with a +0 spear.
You barely miss the wight. You kick the wight.
The wight is lightly damaged.
You hit the wight but do no damage.
The wight is lightly damaged.
The wight barely misses you.
The wight hits you from afar with a +0 spear.
You feel drained.
You hit the wight but do no damage.
The wight is lightly damaged.
You barely miss the wight. Your kick misses the wight.
The wight is lightly damaged.
The wight hits you with a +0 short sword!
You feel drained.
The wight hits you from afar with a +0 spear!
* * * LOW HITPOINT WARNING * * *
You feel drained.
* * * LOW HITPOINT WARNING * * *
You hit the wight. You kick the wight, but do no damage.
The wight is moderately damaged.
The wight hits you with a +0 short sword.
You die...

........#..........#
....##..##.........#
..#####.###..).....#
..# #..##........#
..# #..###.......#
...####..###......##
.............##..##
..####....#####.#
###### #@# #####
#z### .....# #zz.##
._....# ##.#).###
.......##..##...#
.≈≈≈._.#..###...#
..⌠....'........#
.≈P.._.#...##..##
.......######.##


You could see 3 wights.

Vanquished Creatures
  A water moccasin zombie (D:3)
  A jelly (D:4)
  5 adders
  A worm (D:2)
  A dart slug (D:1)
  7 bats
  7 endoplasms
  2 giant cockroaches (D:2)
  5 hobgoblins
  4 jackals (D:1)
  3 quokkas
  6 ball pythons
  7 frilled lizards
  6 goblins
  13 kobolds
  8 rats (D:1)
77 creatures vanquished.

Notes
Turn   | Place    | Note
-------+----------+-------------------------------------------
     0 | D:1      | polve the Demonspawn Gladiator began the quest for the Orb.
     0 | D:1      | Reached XP level 1. HP: 16/16 MP: 1/1
     4 | D:1      | Found Ziproas's Weapon Shoppe.
   123 | D:1      | Discovered your monstrous ancestry.
   123 | D:1      | Gained mutation: You have large cloven feet. [demonic
                  | ancestry]
   123 | D:1      | Reached XP level 2. HP: 7/22 MP: 2/2
   910 | D:1      | Gained mutation: You have hoof-like feet. [demonic
                  | ancestry]
   910 | D:1      | Reached XP level 3. HP: 25/27 MP: 3/3
  1708 | D:2      | Found a faded altar of an unknown god.
  1907 | D:2      | Gained mutation: You regenerate a little health from kills.
                  | [demonic ancestry]
  1907 | D:2      | Reached XP level 4. HP: 29/35 MP: 4/4
  2976 | D:3      | Reached XP level 5. HP: 26/43 MP: 5/5
  3701 | D:4      | HP: 2/43 [acid (8)]
  3876 | D:4      | Reached skill level 1 in Armour
  4030 | D:4      | Found a broken altar of Ashenzari.
  4095 | D:4      | Found a faded altar of an unknown god.
  4095 | D:4      | Found a faded altar of an unknown god.
  4095 | D:4      | Found a faded altar of an unknown god.
  4110 | D:4      | HP: 1/36 [wight (3)]
  4111 | D:4      | Slain by a wight

Illustrated notes

Levels and vault maps discovered:
D:1:      dpeg_arrival_ratfight, layout_rooms, serial_shops,
          nicolae_shop_bloodbath_and_beyond, nicolae_figureground_pulse
D:2:      layout_basic, hellmonk_ecumenical_altar_heavens_door
D:3:      layout_basic
D:4:      layout_layer_cave, nicolae_tso_swordbearing_angel, ashenzari_altar_1,
          nicolae_hepliaklqana_ecumenical_no_more

Skill      XL: |  1  2  3  4  5 |
---------------+----------------+-----
Short Blades   | 3 4 |  4.0
Fighting       | 3 4 |  4.7
Armour         | 1 |  1.2
Throwing       | |  1.7
Dodging        | |  2.6

Action                   |  1- 3 |  4- 6 || total
-------------------------+-------+-------++-------
Melee: Rapier            |   119 |   101 ||   220
       Kick              |    23 |    27 ||    50
  Use: Potion            |       |     4 ||     4
 Stab: Sleeping          |     2 |     1 ||     3
Armor: Leather armour    |    37 |    19 ||    56
Dodge: Dodged            |    79 |    45 ||   124
Block: Other             |    10 |    24 ||    34
       Reflection        |       |     1 ||     1

Table legend: (Time is in decaauts)
 A = Elapsed time spent in this place.
 B = Non-inter-level travel time spent in this place.
 C = Inter-level travel time spent in this place.
 D = Time resting spent in this place.
 E = Time spent auto-exploring this place.
 F = Levels seen in this place.
 G = Mean time per level.
                   A        B        C        D        E       F      G
               +--------+--------+--------+--------+--------+-----+--------+
         Total |   4112 |   4013 |     99 |      0 |   3427 |   4 | 1028.0 |
       Dungeon |   4112 |   4013 |     99 |      0 |   3427 |   4 | 1028.0 |
               +--------+--------+--------+--------+--------+-----+--------+

Top non-repeatable levels by time:
     D:2: 1380 daAuts
     D:1: 1191 daAuts
     D:3: 936 daAuts
     D:4: 603 daAuts
